 Dungeon Crawl Stone Soup version 0.30.1-9-gdf580d7c3d (webtiles) character file.

Game seed: 9762113848228380353

63039 Peloso the Fencer (level 14, -3/132 HPs)
             Began as a Minotaur Fighter on Oct 1, 2023.
             Was the Champion of Okawaru.
             Slain by a nine-headed hydra (4 damage)
             ... on level 11 of the Dungeon.
             The game lasted 00:51:08 (25076 turns).

Peloso the Fencer (Minotaur Fighter)               Turns: 25076, Time: 00:51:09

Health: -3/132     AC: 18    Str: 22    XL:     14   Next: 66%
Magic:  15/15      EV: 10    Int:  5    God:    Okawaru [******]
Gold:   996        SH: 19    Dex: 14    Spells: 13/13 levels left

rFire   + . .        c - +0 hand axe (flame)
rCold   . . .        d - +0 tower shield
rNeg    . . .        u - +0 chain mail {rPois}
rPois   +            (helmet restricted)
rElec   .            (no cloak)
rCorr   .            q - +2 pair of gloves
SInv    .            K - +0 pair of boots of Zynir {Regen+}
Will    +....        (no amulet) Stlth
                     M - ring of protection from fire
HPRegen 1.22/turn    P - ring of flight
MPRegen 0.14/turn

%: no passive effects
@: flying, studying Spellcasting
A: horns 2, retaliatory headbutt
a: Renounce Religion, Heroism, Finesse, Duel


You were on level 11 of the Dungeon.
You worshipped Okawaru.
Okawaru was exalted by your worship.
You visited 4 branches of the dungeon, and saw 20 of its levels.

You collected 2382 gold pieces.
You spent 1386 gold pieces at shops.

Inventory:

Hand Weapons
 a - a +4 vampiric demon blade
 b - a +2 falchion of holy wrath
 c - a +0 hand axe of flaming (weapon)
Missiles
 y - 5 throwing nets (quivered)
Armour
 d - a +0 tower shield (worn)
 q - a +2 pair of gloves (worn)
 u - a +0 chain mail of poison resistance (worn)
 K - the +0 pair of boots of Zynir (worn) {Regen+}
   (Okawaru gifted it to you on level 3 of the Lair of Beasts)

   Regen:     It increases your rate of health regeneration.
 T - a +0 chain mail of cold resistance
 U - the +0 pair of gloves "Daaruaf" {*Corrode Str+3 Dex+5}
   (You bought it in a shop on level 2 of the Orcish Mines)

   Str:       It affects your strength (+3).
   Dex:       It affects your dexterity (+5).
   *Corrode:  It may corrode you when you take damage.
 W - +0 swamp dragon scales
Jewellery
 h - an amulet of guardian spirit
 r - a ring of fire
 L - a ring of ice
 M - a ring of protection from fire (left hand)
 N - a +6 ring of strength
 O - a ring of poison resistance
 P - a ring of flight (right hand)
Wands
 m - a wand of mindburst (10)
 w - a wand of quicksilver (11)
 x - a wand of flame (14)
 C - a wand of roots (22)
 G - a wand of polymorph (2)
 R - a wand of paralysis (2)
Scrolls
 f - 3 scrolls of teleportation
 g - 4 scrolls of immolation
 i - 4 scrolls of fog
 k - 6 scrolls of fear
 n - 6 scrolls of poison
 p - 3 scrolls of magic mapping
 s - 5 scrolls of silence
 t - 2 scrolls of acquirement
 B - 3 scrolls of amnesia
 F - 3 scrolls of enchant armour
 I - a scroll of blinking
 J - 3 scrolls of enchant weapon
 Q - 2 scrolls of identify
 X - a scroll of noise {unknown}
Potions
 e - a potion of ambrosia
 j - a potion of might
 l - 8 potions of curing
 o - 4 potions of brilliance
 v - a potion of invisibility
 z - 2 potions of flight
 A - 3 potions of heal wounds
 D - 3 potions of haste
 E - 3 potions of lignification
 H - a potion of mutation
 S - 2 potions of cancellation
 V - 2 potions of magic {unknown}


   Skills:
 + Level 14.0 Fighting
 + Level 16.3 Long Blades
 + Level 2.0 Axes
 + Level 15.0 Armour
 + Level 6.7 Dodging
 + Level 2.0 Stealth
 + Level 15.6 Shields
 + Level 3.3 Invocations
 + Level 1.3 Evocations


You had 13 spell levels left.
You didn't know any spells.
Your spell library contained the following spells:

 Spells                   Type           Power      Damage    Failure   Level
 Apportation              Tloc           0%         N/A       99%         1
 Beastly Appendage        Tmut           0%         N/A       99%         1
 Freeze                   Ice            0%         1d3       99%         1
 Necrotise                Necr           0%         1d4       99%         1
 Shock                    Conj/Air       0%         1d3       99%         1
 Slow                     Hex            0%         N/A       99%         1
 Ensorcelled Hibernation  Hex/Ice        0%         N/A       100%        2
 Lesser Beckoning         Tloc           0%         N/A       100%        2
 Passwall                 Tmut/Erth      0%         N/A       100%        2
 Sublimation of Blood     Necr           0%         N/A       100%        2
 Wereblood                Tmut           0%         N/A       100%        2
 Confusing Touch          Hex            0%         N/A       100%        3
 Frozen Ramparts          Ice            0%         1d1       100%        3
 Gell's Gravitas          Tloc           0%         N/A       100%        3
 Hailstorm                Conj/Ice       0%         3d3       100%        3
 Inner Flame              Hex/Fire       0%         N/A       100%        3
 Ozocubu's Armour         Ice            0%         N/A       100%        3
 Spider Form              Tmut/Pois      0%         N/A       100%        3
 Stone Arrow              Conj/Erth      0%         3d7       100%        3
 Swiftness                Air            0%         N/A       100%        3
 Teleport Other           Tloc           0%         N/A       100%        3
 Vampiric Draining        Necr           0%         2d6       100%        3
 Vhi's Electric Charge    Tloc/Air       0%         N/A       100%        3
 Airstrike                Air            0%         2d(0-16)  100%        4
 Flame Wave               Conj/Fire      0%         2d4       100%        4
 Petrify                  Tmut/Erth      0%         N/A       100%        4
 Sticky Flame             Conj/Fire      0%         2d3       100%        4
 Arcjolt                  Conj/Air       0%         1d10      100%        5
 Blade Hands              Tmut           0%         N/A       100%        5
 Metabolic Englaciation   Hex/Ice        0%         N/A       100%        5
 Conjure Ball Lightning   Conj/Air       0%         3x3d6     100%        6
 Dispersal                Tloc           0%         N/A       100%        6
 Iron Shot                Conj/Erth      0%         9d1       100%        6
 Statue Form              Tmut/Erth      0%         N/A       100%        6
 Borgnjor's Revivificati  Necr           0%         N/A       100%        8
 Discord                  Hex            0%         N/A       100%        8
 Disjunction              Tloc           0%         N/A       100%        8
 Lehudib's Crystal Spear  Conj/Erth      0%         10d2      100%        8
 Maxwell's Capacitive Co  Air            0%         ∞         100%        8
 Necromutation            Tmut/Necr      0%         N/A       100%        8
 Death's Door             Necr           0%         N/A       100%        9
 Summon Small Mammal      Summ           Unusable   N/A       N/A         1
 Animate Armour           Summ/Erth      Unusable   N/A       N/A         4
 Simulacrum               Ice/Necr       Unusable   N/A       N/A         6
 Summon Hydra             Summ           Unusable   N/A       N/A         7

Dungeon Overview and Level Annotations

Branches:
Dungeon (12/15)            Temple (1/1) D:6            Lair (5/5) D:8
  Swamp (0/4) Lair:3       Spider (0/4) Lair:2        Slime (0/5) Lair:4
    Orc (2/2) D:9             Elf (0/3) Orc:2

Altars:
Gozag
Hepliaklqana
Makhleb
Okawaru
Ru
Uskayaw
Zin
Jiyva

Shops:
D:3 (   D:10 ?   Orc:2 ((([(

Portals:
Abyss: Lair:1

Annotations:
D:11 tykejmi's ghost, journeyman DgAE
Lair:1 2 transporters, Madon's ghost, journeyman MiBe
Lair:2 3 runed translucent doors, Amplified's ghost, journeyman AtGl
Lair:4 3 runed translucent doors, Raneoc's ghost, journeyman MiFi


Innate Abilities, Weirdness & Mutations

You have a pair of horns on your head.
You reflexively headbutt those who attack you in melee.


Message History

The 11-headed hydra bites you but does no damage.
The 11-headed hydra bites you.
* * * LOW HITPOINT WARNING * * *
You chop one of the 11-headed hydra's heads off!
The flame cauterises the wound!
You hit the ten-headed hydra. You burn the ten-headed hydra.
The ten-headed hydra is moderately wounded.
The ten-headed hydra bites you but does no damage. x2
You block the ten-headed hydra's attack. x2
The ten-headed hydra barely misses you.
The ten-headed hydra bites you but does no damage.
You block the ten-headed hydra's attack.
The ten-headed hydra bites you but does no damage.
The ten-headed hydra closely misses you.
The ten-headed hydra bites you but does no damage.
You lop one of the ten-headed hydra's heads off!
The flame cauterises the wound!
You hit the nine-headed hydra. You burn the nine-headed hydra.
The nine-headed hydra is moderately wounded.
The nine-headed hydra bites you but does no damage.
You block the nine-headed hydra's attack.
The nine-headed hydra bites you.
* * * LOW HITPOINT WARNING * * *
The nine-headed hydra bites you.
* * * LOW HITPOINT WARNING * * *
The nine-headed hydra bites you.
* * * LOW HITPOINT WARNING * * *
The nine-headed hydra bites you but does no damage.
The nine-headed hydra bites you.
* * * LOW HITPOINT WARNING * * *
The nine-headed hydra bites you but does no damage.
The nine-headed hydra misses you.
The nine-headed hydra bites you but does no damage.
You block the nine-headed hydra's attack. x4
The nine-headed hydra bites you but does no damage.
You block the nine-headed hydra's attack.
The nine-headed hydra bites you!
* * * LOW HITPOINT WARNING * * *
The nine-headed hydra bites you.
You die...

######## .......# .#####.#
.## #.############# ####
..####..........@DW# #...
.#.......#####.###.# #.##
..#.####.#####.###.#
#######.## ..#.#
#...........#####........#
..#.#
#.#####.##W##..~##.>.....#
..#.# #.#
#.##.#.8..!#######.# ..#.#
#.# #)...'.....♣ #.# ..#.#
#.# #)#..'..)... #.# #.#.#
#.# #.##.'./.... #.#


You could see a nine-headed hydra and tykejmi's ghost.

Vanquished Creatures
  Jorgrun (Orc:1)
  3 orc warlords
  A fire dragon (Lair:5)
  Erolcha (D:12)
  4 hydras
  A two-headed ogre (Orc:2)
  2 catoblepae
  A boulder beetle (Lair:2)
  Sonja (Lair:2)
  Nergalle (Lair:2)
  A skyshark (Lair:4)
  A pharaoh ant (Lair:2)
  A swamp dragon (Lair:5)
  2 bog bodies (Lair:3)
  A lindwurm (Lair:2)
  5 orc knights
  5 orc sorcerers (Orc:2)
  A wolf spider (Lair:4)
  A deep elf pyromancer (D:12)
  An ugly thing (D:12)
  An elephant (Lair:4)
  2 cyclopes (D:12)
  A guardian serpent (Lair:5)
  A centaur zombie (D:10)
  12 black mambas
  A gargoyle (D:10)
  A torpor snail (Lair:4)
  18 cane toads
  7 komodo dragons
  2 unseen horror zombies (D:10)
  2 rime drakes (Lair:5)
  A polar bear (Lair:5)
  4 trolls
  4 hornets
  2 tarantellas
  9 blink frogs
  A meliai zombie (D:10)
  5 slime creatures (D:12)
  2 wraiths (D:10)
  6 basilisks
  4 shadows
  4 vampires
  17 wyverns
  41 yaks
  5 redbacks
  4 steam dragons
  2 acid dragons
  The ghost of zxspectator the Covered, an amateur GrFi (D:5)
  5 wargs
  23 water moccasins
  A sky beast (D:7)
  2 black bears
  35 orc warriors
  2 ice beasts
  3 swamp drakes (Lair:5)
  13 ogres
  13 wolves
  2 centaurs
  2 phantoms
  2 kobold brigands (D:10)
  A gnoll sergeant (D:12)
  9 bullfrogs
  5 scorpions
  A wyvern skeleton (D:5)
  2 troll zombies (D:9)
  4 howler monkeys
  An electric eel (Lair:5)
  2 jellies
  3 hounds
  25 orc priests
  2 bullfrog skeletons (D:5)
  5 iguanas
  23 orc wizards
  4 ogre zombies (D:9)
  2 howler monkey zombies
  11 gnolls
  11 adders
  A white imp (D:6)
  An ufetubus (D:6)
  2 dart slugs (D:1)
  5 worms
  94 orcs
  9 endoplasms
  2 giant cockroaches
  5 goblins
  11 hobgoblins
  7 jackals
  4 quokkas
  3 ball pythons
  7 bats
  4 frilled lizards
  2 goblin skeletons (D:9)
  A goblin zombie (D:9)
  A hobgoblin skeleton (D:9)
  A hobgoblin zombie (D:9)
  18 kobolds
  4 orc skeletons (D:9)
  10 orc zombies (D:9)
  3 rats
604 creatures vanquished.

Vanquished Creatures (others)
  An orc wizard (D:9)
  An orc (D:10)
2 creatures vanquished.

Grand Total: 606 creatures vanquished

Notes
Turn   | Place    | Note
-------+----------+-------------------------------------------
     0 | D:1      | Peloso the Minotaur Fighter began the quest for the Orb.
     0 | D:1      | Reached XP level 1. HP: 19/19 MP: 0/0
   101 | D:1      | Reached XP level 2. HP: 3/27 MP: 1/1
   646 | D:1      | Reached XP level 3. HP: 33/33 MP: 2/2
  1027 | D:1      | Found a faded altar of an unknown god.
  1275 | D:2      | Reached skill level 3 in Long Blades
  1447 | D:2      | Reached XP level 4. HP: 40/40 MP: 3/3
  1813 | D:3      | Found Kenauh's Weapon Boutique.
  1992 | D:3      | Reached skill level 4 in Long Blades
  2576 | D:4      | Reached XP level 5. HP: 40/46 MP: 4/4
  2657 | D:4      | Reached skill level 5 in Armour
  2657 | D:4      | Reached skill level 1 in Dodging
  2694 | D:4      | Reached skill level 5 in Long Blades
  3579 | D:5      | Entered Level 5 of the Dungeon
  3579 | D:5      | Noticed an ogre
  3582 | D:5      | Killed an ogre
  3583 | D:5      | Reached XP level 6. HP: 53/53 MP: 5/5
  3651 | D:5      | Reached skill level 6 in Long Blades
  3731 | D:5      | Reached XP level 7. HP: 57/60 MP: 6/6
  3927 | D:5      | Reached skill level 7 in Long Blades
  3965 | D:5      | Reached skill level 5 in Fighting
  4068 | D:5      | Found a runed translucent gate.
  4068 | D:5      | Found a runed translucent gate.
  4068 | D:5      | Found a runed translucent gate.
  4071 | D:5      | Noticed zxspectator's ghost (amateur GrFi)
  4820 | D:6      | Found a staircase to the Ecumenical Temple.
  4834 | Temple   | Entered the Ecumenical Temple
  4885 | Temple   | Became a worshipper of Warmaster Okawaru
  4959 | D:6      | Reached skill level 8 in Long Blades
  4959 | D:6      | Reached XP level 8. HP: 61/69 MP: 7/7
  5613 | D:7      | Reached skill level 9 in Long Blades
  5620 | D:7      | Reached * piety under Okawaru
  5621 | D:7      | Reached skill level 1 in Evocations
  5980 | D:7      | Reached skill level 5 in Shields
  6160 | D:7      | Reached XP level 9. HP: 74/75 MP: 8/8
  6315 | D:7      | Identified the +1 quarterstaff of Extermination {spect,
                  | Str+5 Int+2}
  6530 | D:8      | Reached ** piety under Okawaru
  6531 | D:8      | Reached skill level 10 in Long Blades
  6742 | D:8      | Reached skill level 11 in Long Blades
  6869 | D:8      | Found a staircase to the Lair.
  7323 | D:9      | Reached *** piety under Okawaru
  7339 | D:9      | Identified the +4 quarterstaff of Gozag, Supporting
                  | {freeze, Str-4 Int+5}
  7431 | D:9      | Reached XP level 10. HP: 77/86 MP: 9/9
  7470 | D:9      | Identified the +4 pair of boots "Oxerur" {Harm +Blink
                  | Str-2}
  7495 | D:9      | Reached skill level 12 in Long Blades
  7626 | D:9      | Found a staircase to the Orcish Mines.
  8140 | D:9      | Found a glowing silver altar of Zin.
  8730 | D:10     | Entered Level 10 of the Dungeon
  8935 | D:10     | Found a sacrificial altar of Ru.
  9049 | D:10     | Reached **** piety under Okawaru
  9050 | D:10     | Reached skill level 10 in Armour
  9050 | D:10     | Reached skill level 1 in Stealth
  9090 | D:10     | Received a gift from Okawaru
  9725 | D:10     | Reached skill level 13 in Long Blades
  9914 | D:10     | Noticed a gargoyle
  9933 | D:10     | Killed a gargoyle
 10140 | D:10     | Identified the +3 hand axe "Spiderbane" {venom, Int+2}
 10537 | D:10     | Reached XP level 11. HP: 75/95 MP: 10/10
 10624 | D:10     | Found Pops's Magic Scroll Shoppe.
 10734 | Lair:1   | Entered Level 1 of the Lair of Beasts
 10762 | D:8      | Reached ***** piety under Okawaru
 11984 | Lair:1   | Noticed a red ugly thing
 11987 | Lair:1   | Noticed a thrashing horror
 11988 | Lair:1   | Found a transporter.
 11994 | Lair:1   | Noticed a brown ugly thing
 11994 | Lair:1   | Noticed Madon's ghost (journeyman MiBe)
 11996 | Lair:1   | Noticed a hell hog
 11996 | Lair:1   | Noticed a cacodemon
 12015 | Lair:1   | Noticed a sixfirhy
 12026 | Lair:1   | Found a one-way gate to the infinite horrors of the Abyss.
 12080 | Lair:1   | Reached skill level 1 in Invocations
 12129 | Lair:1   | Found a transporter.
 12634 | Lair:1   | Identified a scroll of acquirement
 12799 | Lair:2   | Noticed Sonja
 12805 | Lair:2   | Noticed a boulder beetle
 13249 | D:11     | Found a runed translucent gate.
 13251 | D:11     | Found a runed translucent gate.
 13251 | D:11     | Noticed an 11-headed hydra
 13252 | D:11     | Noticed tykejmi's ghost (journeyman DgAE)
 13257 | D:11     | Found a runed translucent gate.
 13362 | D:11     | Reached skill level 14 in Long Blades
 13853 | D:11     | Noticed an orc knight
 13879 | D:11     | Received a gift from Okawaru
 14212 | D:11     | Killed an orc knight
 14618 | Lair:2   | Noticed a catoblepas
 14633 | Lair:2   | Killed a catoblepas
 14719 | Lair:2   | Killed Sonja
 14720 | Lair:2   | Reached skill level 10 in Fighting
 14720 | Lair:2   | Reached XP level 12. HP: 106/106 MP: 9/12
 15016 | Lair:2   | Killed a boulder beetle
 15100 | Lair:2   | Found a hole to the Spider Nest.
 15106 | Lair:2   | Noticed Nergalle
 15395 | Lair:2   | Killed Nergalle
 15396 | Lair:2   | Reached skill level 10 in Shields
 15622 | Lair:2   | Found a runed translucent gate.
 15622 | Lair:2   | Found a runed translucent gate.
 15622 | Lair:2   | Found a runed translucent gate.
 15624 | Lair:2   | Found a viscous altar of Jiyva.
 15624 | Lair:2   | Noticed a great orb of eyes
 15624 | Lair:2   | Noticed Amplified's ghost (journeyman AtGl)
 16132 | Lair:3   | Noticed a seven-headed hydra
 16146 | Lair:3   | Killed a two-headed hydra
 16523 | Lair:3   | Identified the +0 pair of boots of Zynir {Regen+} (Okawaru
                  | gifted it to you on level 3 of the Lair of Beasts)
 16523 | Lair:3   | Received a gift from Okawaru
 17042 | Lair:3   | Reached skill level 1 in Axes
 17093 | Lair:3   | Found a staircase to the Swamp.
 17101 | Lair:3   | Reached skill level 5 in Dodging
 17851 | D:12     | Reached XP level 13. HP: 67/116 MP: 14/14
 17958 | D:12     | Noticed Erolcha
 17972 | D:12     | Killed Erolcha
 17973 | D:12     | Reached skill level 15 in Long Blades
 17986 | D:12     | Found a hazy altar of Hepliaklqana.
 18675 | Orc:1    | Entered Level 1 of the Orcish Mines
 18912 | Orc:2    | Entered Level 2 of the Orcish Mines
 19077 | Orc:2    | Found a staircase to the Elven Halls.
 19189 | Orc:2    | Found Qentig's Antique Weapon Shop.
 19315 | Orc:2    | Noticed an orc warlord
 19356 | Orc:2    | Killed an orc warlord
 19356 | Orc:2    | Received a gift from Okawaru
 19837 | Orc:2    | Found Uta Nats's Weapon Shop.
 19920 | Orc:2    | Noticed an orc warlord
 20219 | Orc:2    | Killed an orc warlord
 20369 | Orc:2    | Found Wucvyo's Antique Weapon Emporium.
 20527 | Orc:2    | Found Xuxyuzxu's Antique Armour Emporium.
 20531 | Orc:2    | Found Fanaocs's Antique Weapon Shoppe.
 20542 | Orc:2    | Bought a pair of polished gloves for 275 gold pieces
 20542 | Orc:2    | Identified the +0 pair of gloves "Daaruaf" {*Corrode Str+3
                  | Dex+5} (You bought it in a shop on level 2 of the Orcish
                  | Mines)
 20547 | Orc:2    | Bought a pair of runed gloves for 217 gold pieces
 20811 | Orc:1    | Noticed an orc warlord
 20827 | Orc:1    | Noticed Jorgrun
 20892 | Orc:1    | Killed Jorgrun
 21082 | Orc:1    | Killed an orc warlord
 21531 | Lair:4   | Found a runed translucent gate.
 21531 | Lair:4   | Found a runed translucent gate.
 21531 | Lair:4   | Found a runed translucent gate.
 21533 | Lair:4   | Noticed Raneoc's ghost (journeyman MiFi)
 21591 | Lair:4   | Found a viscous altar of Jiyva.
 21591 | Lair:4   | Found a staircase to the Slime Pits.
 21852 | Lair:4   | Reached XP level 14. HP: 129/129 MP: 15/15
 22313 | D:10     | Bought a scroll of acquirement for 624 gold pieces
 22313 | D:10     | Bought a scroll of enchant weapon for 90 gold pieces
 22313 | D:10     | Bought a scroll of magic mapping for 90 gold pieces
 22313 | D:10     | Bought a scroll of magic mapping for 90 gold pieces
 22495 | Lair:5   | Entered Level 5 of the Lair of Beasts
 22523 | Lair:4   | Reached skill level 16 in Long Blades
 22798 | Lair:4   | Received a gift from Okawaru
 23482 | Lair:5   | Reached skill level 15 in Shields
 23598 | Lair:5   | Reached ****** piety under Okawaru
 23610 | Lair:5   | Received a gift from Okawaru
 24168 | Lair:5   | Reached skill level 15 in Armour
 24852 | D:5      | Identified the +0 helmet "Hoejuin" {Rampage Fly rF+ Dex-2}
 24880 | D:5      | Killed zxspectator's ghost
 25076 | D:11     | HP: 1/132 [nine-headed hydra (11)]
 25076 | D:11     | Slain by a nine-headed hydra

Illustrated notes

Levels and vault maps discovered:
D:1:      dpeg_arrival_arbitrary_a, layout_basic,
          shapermc_ecumenical_altar_acropolis
D:2:      layout_loops_ring
D:3:      layout_basic, serial_shops, nicolae_shop_crystal, minmay_circle_x
D:4:      layout_basic, chequers_big_river
D:5:      layout_gridville, gammafunk_ghost_necromancy
D:6:      layout_basic, minmay_temple_entry_drinking_statues
D:7:      layout_loops_ring, eino_curves_01, chequers_serial_rivers_large_b,
          serial_bayou_pond_e
D:8:      layout_rooms, dpeg_oklobed_lair, nicolae_zen_rock_garden
D:9:      layout_cave_pools, mainiacjoe_overflow_small_starburst,
          zombieorc1_lemuel
D:10:     layout_basic, mainiacjoe_overflow_cross_hatched, serial_shops, shop,
          serial_undead, serial_undead_e, serial_undead_d, serial_undead_b,
          serial_undead_a, serial_undead_c, serial_undead_b
D:11:     layout_loops_ring, special_room [special_room_orc],
          gammafunk_ghost_hydra_chop
D:12:     layout_cave_pods, grunt_ministairs_12,
          nicolae_hepliaklqana_hazy_memory, uniq_erolcha
Temple:   nicolae_temple_slightly_damp_pantheon
Lair:1:   layout_loops_ring, gammafunk_ghost_abyssal_escape, lemuel_fruit_tree,
          infiniplex_staircase_pool_2
Lair:2:   layout_cave_pods, nicolae_spider_entry_lesser_pyramids,
          gammafunk_ghost_ooze, grunt_megastairs_4, uniq_sonja, uniq_nergalle
Lair:3:   layout_cave_pods, skrybe_swamp_entry_bodies, lemuel_fruit_fields
Lair:4:   minmay_lair_venomous_thicket, layout_cave_shapes,
          dpeg_slime_entry_corner, gammafunk_ghost_split,
          kennysheep_catoblepas_arena
Lair:5:   hangedman_lair_tendril_chambers, layout_gridlike,
          guppyfry_lair_end_dragon
Orc:1:    layout_caves, uniq_jorgrun
Orc:2:    grunt_orc_community_town_hall, layout_caves,
          grunt_orc_community_big_house_1, grunt_orc_community_big_house_1,
          grunt_orc_community_house_1, grunt_orc_community_house_3,
          grunt_orc_community_house_3, grunt_orc_community_house_3,
          grunt_orc_community_house_1, serial_shops,
          nicolae_shop_real_fake_doors

Skill      XL: |  1  2  3  4  5  6  7  8  9 10 11 12 13 14 |
---------------+-------------------------------------------+-----
Armour         | 4 5 6 8 9 11 12 13 14 15 | 15.0
Shields        | 4 5 6 7 9 12 14 15 | 15.6
Fighting       | 4 5 6 7 8 10 11 13 14 | 14.0
Long Blades    | 3 4 5 6 8 9 11 13 14 15 16 | 16.3
Dodging        | 1 2 3 4 5 6 |  6.7
Evocations     | 1 |  1.3
Stealth        | 1 2 |  2.0
Invocations    | 2 3 |  3.3
Axes           | 1 2 |  2.0

Action                     |  1- 3 |  4- 6 |  7- 9 | 10-12 | 13-15 || total
---------------------------+-------+-------+-------+-------+-------++-------
  Melee: Long sword        |   103 |   125 |   252 |   523 |       ||  1003
         Headbutt          |    17 |    24 |    63 |   239 |   269 ||   612
         Falchion          |       |       |       |    52 |       ||    52
         Demon blade       |       |       |       |   312 |  1115 ||  1427
         Hand axe          |       |       |       |     8 |    24 ||    32
 Invoke: Heroism           |       |       |     1 |    17 |     7 ||    25
  Evoke: Wand              |       |     3 |     2 |     6 |     1 ||    12
    Use: Potion            |       |     2 |       |     3 |     4 ||     9
         Scroll            |       |     3 |       |    24 |     7 ||    34
 Armour: Scale mail        |    73 |    25 |       |       |       ||    98
         Chain mail        |       |    40 |    96 |   388 |   440 ||   964
  Dodge: Dodged            |    54 |    56 |    74 |   288 |   329 ||   801
  Block: Buckler           |    29 |    32 |    53 |   132 |       ||   246
         Tower shield      |       |       |       |   324 |  1137 ||  1461
